 Dungeon Crawl Stone Soup version 0.30-a0-737-gf23d94013f (webtiles) character file.

Game seed: 10330834833133427196

132331 hikkokomori the Warrior (level 16, -4/150 HPs)
             Began as a Minotaur Gladiator on Feb 1, 2023.
             Was the Champion of Okawaru.
             Slain by a nagaraja
             ... wielding a +0 flail
              (22 damage)
             ... on level 2 of the Snake Pit on Feb 2, 2023.
             The game lasted 01:18:02 (30102 turns).

hikkokomori the Warrior (Minotaur Gladiator)       Turns: 30102, Time: 01:18:02

Health: -4/150     AC: 20    Str: 20    XL:     16   Next: 57%
Magic:  20/20      EV: 17    Int:  5    God:    Okawaru [******]
Gold:   924        SH: 21    Dex: 18    Spells: 15/15 levels left

rFire   + . .      SeeInvis +    q - +8 double sword (elec)
rCold   . . .      Faith    .    i - +2 kite shield
rNeg    . . .      Spirit   .    T - +6 scale mail of Qilitug {+Blink +Inv rF+ Dex-4}
rPois   +          Reflect  +    c - +0 hat
rElec   +          Harm     .    I - +0 cloak {rPois}
rCorr   .          Rampage  .    H - +1 pair of gloves
Will    ++++.                    S - +0 pair of boots of Absence {Fly rElec Will+++ Dex-3}
Stlth   +                        p - amulet of Irritheng {Reflect Slay+2 SH+5}
HPRegen 0.45/turn                a - +6 ring of dexterity
MPRegen 0.17/turn                h - ring of see invisible

@: lethally poisoned (-4 -> -9), flying, hasted, very quick
A: horns 2, retaliatory headbutt
a: Renounce Religion, Evoke Blink, Evoke Invisibility, Heroism, Finesse, Duel


You were on level 2 of the Snake Pit.
You worshipped Okawaru.
Okawaru was exalted by your worship.
You visited 5 branches of the dungeon, and saw 25 of its levels.
You visited 1 bazaar.
You also visited: Ice Cave.

You collected 2374 gold pieces.
You spent 1450 gold pieces at shops.

Inventory:

Hand Weapons
 b - a +2 demon blade of flaming
 q - a +8 double sword of electrocution (weapon)
 C - a +4 sling of flaming
Missiles
 d - 4 throwing nets (quivered)
 e - 8 javelins
 u - 2 datura-tipped darts
 J - 15 curare-tipped darts
Armour
 c - a +0 hat (worn)
 i - a +2 kite shield (worn)
 l - a +1 robe of resistance
 m - the +0 pair of boots of Gehenna {rPois Dex+6 Stlth-}
   (You acquired it on level 7 of the Dungeon)

   Dex:       It affects your dexterity (+6).
   rPois:     It protects you from poison.
   Stlth:     It makes you less stealthy.
 o - +0 ice dragon scales
 F - a +1 cloak of cold resistance
 H - a +1 pair of gloves (worn)
 I - a +0 cloak of poison resistance (worn)
 S - the +0 pair of boots of Absence (worn) {Fly rElec Will+++ Dex-3}
   (You bought it in a shop in a bazaar)

   Dex:       It affects your dexterity (-3).
   rElec:     It insulates you from electricity.
   Fly:       It grants you flight.
   Will:      It greatly increases your willpower.
 T - the +6 scale mail of Qilitug (worn) {+Blink +Inv rF+ Dex-4}
   (You bought it in a shop in a bazaar)

   Dex:       It affects your dexterity (-4).
   rF:        It protects you from fire.
   +Inv:      It lets you turn invisible.
   +Blink:    It lets you blink.
Jewellery
 a - a +6 ring of dexterity (left hand)
 h - a ring of see invisible (right hand)
 j - a +4 ring of slaying
 p - the amulet of Irritheng (around neck) {Reflect Slay+2 SH+5}
   (You acquired it on level 2 of the Lair of Beasts)

   [amulet of reflection]

   It reflects blocked missile attacks.
   Slay:      It affects your accuracy & damage with ranged weapons and melee
   (+2).
   SH:        It affects your SH (+5).
 E - a +5 ring of evasion
 R - a ring of resist corrosion
Wands
 r - a wand of flame (44)
 A - a wand of digging (2)
 D - a wand of paralysis (19)
 K - a wand of roots (19)
 N - a wand of mindburst (22)
 Q - a wand of polymorph (11)
 W - a wand of quicksilver (9)
Scrolls
 f - 11 scrolls of teleportation
 g - 5 scrolls of enchant armour
 k - a scroll of fear
 y - 4 scrolls of fog
 L - 2 scrolls of silence
 P - a scroll of brand weapon
 V - 6 scrolls of poison
Potions
 n - 7 potions of might
 t - 7 potions of curing
 v - 5 potions of flight
 w - 6 potions of heal wounds
 x - 4 potions of resistance
 z - 4 potions of ambrosia
 B - 2 potions of lignification {unknown}
 G - 2 potions of berserk rage
 M - 3 potions of mutation
 O - a potion of attraction
 U - 2 potions of haste
 Z - 4 potions of invisibility
Miscellaneous
 s - a phial of floods
 X - a condenser vane (inert)


   Skills:
 + Level 15.6 Fighting
 - Level 12.3 Long Blades
 - Level 6.9 Ranged Weapons
 - Level 4.5 Throwing
 - Level 10.6 Armour
 + Level 14.9 Dodging
 - Level 4.1 Stealth
 + Level 14.1 Shields
 - Level 7.9 Invocations
 + Level 11.4 Evocations


You had 15 spell levels left.
You didn't know any spells.
Your spell library contained the following spells:

 Spells                   Type           Power      Damage    Failure   Level
 Foxfire                  Conj/Fire      0%         2x1d4     93%         1
 Necrotise                Necr           0%         1d4       93%         1
 Sandblast                Erth           0%         2d4       93%         1
 Slow                     Hex            0%         N/A       93%         1
 Blink                    Tloc           0%         N/A       98%         2
 Lesser Beckoning         Tloc           0%         N/A       98%         2
 Momentum Strike          Conj/Tloc      0%         3d8       98%         2
 Passwall                 Tmut/Erth      0%         N/A       98%         2
 Sublimation of Blood     Necr           0%         N/A       98%         2
 Confusing Touch          Hex            0%         N/A       100%        3
 Frozen Ramparts          Ice            0%         1d1       100%        3
 Gell's Gravitas          Tloc           0%         N/A       100%        3
 Portal Projectile        Hex/Tloc       0%         N/A       100%        3
 Stone Arrow              Conj/Erth      0%         3d7       100%        3
 Teleport Other           Tloc           0%         N/A       100%        3
 Vampiric Draining        Necr           0%         2d6       100%        3
 Flame Wave               Conj/Fire      0%         2d4       100%        4
 Ice Form                 Ice/Tmut       0%         N/A       100%        4
 Leda's Liquefaction      Hex/Erth       0%         N/A       100%        4
 Passage of Golubria      Tloc           0%         N/A       100%        4
 Petrify                  Tmut/Erth      0%         N/A       100%        4
 Agony                    Necr           0%         N/A       100%        5
 Fireball                 Conj/Fire      0%         3d3       100%        5
 Freezing Cloud           Conj/Ice/Air   0%         6-21      100%        5
 Irradiate                Conj/Tmut      0%         3d11      100%        5
 Iskenderun's Battlesphe  Conj           0%         2d6       100%        5
 Silence                  Hex/Air        0%         N/A       100%        5
 Yara's Violent Unravell  Hex/Tmut       0%         3d3       100%        5
 Dispersal                Tloc           0%         N/A       100%        6
 Starburst                Conj/Fire      0%         6d3       100%        6
 Lehudib's Crystal Spear  Conj/Erth      0%         10d2      100%        8
 Polar Vortex             Ice            0%         N/A       100%        9
 Call Canine Familiar     Summ           Unusable   N/A       N/A         3
 Tukima's Dance           Hex            Unusable   N/A       N/A         3
 Summon Ice Beast         Ice/Summ       Unusable   N/A       N/A         4
 Simulacrum               Ice/Necr       Unusable   N/A       N/A         6
 Spellforged Servitor     Conj/Summ      Unusable   N/A       N/A         7

Dungeon Overview and Level Annotations

Branches:
Dungeon (15/15)            Temple (1/1) D:6            Lair (5/5) D:8
 Shoals (0/4) Lair:3        Snake (2/4) Lair:3        Slime (0/5) Lair:5
    Orc (2/2) D:10            Elf (0/3) Orc:2        Vaults (0/5) D:13
 Depths (0/4) D:15          IceCv (visited)

Altars:
Ashenzari
Cheibriados
Dithmenos
Elyvilon
Fedhas
Gozag
Hepliaklqana
Kikubaaqudgha
Makhleb
Nemelex Xobeh
Okawaru
Qazlal
Ru
Sif Muna
Trog
Uskayaw
Vehumet
Wu Jian
Xom
Yredelemnul
Zin
The Shining One
Jiyva
Lugonu

Shops:
D:3 !(   D:7 ?   D:8 **   Orc:2 (:*[   Snake:2 ((?!*

Annotations:
D:4 2 transporters
D:7 2 transporters


Innate Abilities, Weirdness & Mutations

You have a pair of horns on your head.
You reflexively headbutt those who attack you in melee.


Message History

As you read the scroll of blinking, it crumbles to dust.
* * * LOW HITPOINT WARNING * * *
You feel very sick.
The guardian serpent casts a spell at you.
The nagaraja blinks!
The naga warrior blinks!
The naga mage blinks!
Blink to where?
Press: ? - help, Dir - move target
As you read the scroll of blinking, it crumbles to dust.
* * * LOW HITPOINT WARNING * * *
You feel very sick. The naga mage spits poison at you.
The splash of poison reflects off an invisible shield around you!
The splash of poison hits the naga mage but does no damage.
The naga mage spits poison at you.
The splash of poison hits you but does no damage.
You resist.
You feel better.
The nagaraja no longer looks unusually strong.
The naga warrior spits poison at you. The splash of poison misses you.
The naga warrior no longer looks unusually toxic.
The nagaraja spits poison at you. The splash of poison hits you. You resist.
* * * LOW HITPOINT WARNING * * *
The guardian serpent coils itself and waves its upper body at you.
The naga warrior blinks into view!
The naga mage blinks!
The guardian serpent blinks into view!
The nagaraja blinks into view!
Aiming: Duel (30% risk of failure)
Press: ? - help, Dir - move target
Okay, then.
Unknown command.
Okay, then.
You feel yourself speed up. The naga mage spits poison at you.
The splash of poison hits you.
You are poisoned.
You resist.
* * * LOW HITPOINT WARNING * * *
The nagaraja hits you with a +0 flail!!
You die...

..............# ###.. ##....
..#...#N......## #.########.#...
.###..#..N.....## #..........#...
.#....##.SN.....###....#.....#...
.......##.N.N.......####.....##.#
........#......#....# #.....####
.........#......###.####......###
...............S#N...............
.........#.....N@##..##..........
...............N###.##...........
.............##.# #.##...........
...........#.######.##...........
#.......)..#.# ##...###..........
###........#####....####.....(...
.#######.....##......###.........
#.# ###....#......##..........
### ######.....#######......


You could see 2 nagarajas, 3 naga warriors, 2 guardian serpents and 2 naga magi.

Vanquished Creatures
  Frances (D:14)
  3 nagarajas (Snake:2)
  A balrug (Orc:1)
  Aizul (Snake:2)
  A stone giant (D:15)
  An orc warlord (Orc:2)
  Azrael (D:13)
  Josephine (D:12)
  Fannar (Lair:2)
  8 vault guards (D:13)
  Erolcha (D:9)
  5 hydras
  An ogre mage (D:12)
  12 centaur warriors
  Erica (Lair:1)
  7 anacondas
  8 two-headed ogres
  7 naga warriors
  4 boulder beetles
  A death knight (D:14)
  2 tengu warriors (D:15)
  2 naga sharpshooters
  6 orc high priests
  Amaemon (D:9)
  Sonja (Lair:1)
  2 skeletal warriors
  A sea snake (Snake:1)
  2 salamander mystics
  3 naga ritualists
  A wizard (D:15)
  2 bog bodies (IceCv)
  Pikel (D:7)
  A phantasmal warrior (D:14)
  6 mana vipers
  8 ugly things
  3 deep elf pyromancers
  4 orc knights
  A salamander (Snake:2)
  3 orc sorcerers (Orc:2)
  8 cyclopes
  4 manticores
  Maurice (D:8)
  An elephant (shapeshifter) (D:15)
  14 slime creatures
  20 black mambas
  An ice statue (IceCv)
  6 elephants
  An orange demon (D:9)
  8 naga magi
  A guardian serpent (Snake:2)
  2 gargoyles
  19 cane toads
  2 efreet (D:15)
  Psyche (D:9)
  2 freezing wraiths
  3 kobold demonologists
  3 unseen horrors
  5 rime drakes
  6 komodo dragons
  3 yaktaurs (D:15)
  2 anaconda simulacra (IceCv)
  7 trolls
  3 tyrant leeches (Lair:5)
  A hornet (D:10)
  4 merfolk (Lair:3)
  3 meliai (D:13)
  16 blink frogs
  4 dream sheep (Lair:4)
  2 vampires
  7 wraiths
  A fire elemental (D:13)
  6 wyverns
  55 yaks
  A yak (shapeshifter) (D:12)
  2 basilisks
  3 steam dragons
  11 vampire mosquitoes
  2 wargs
  3 death yak simulacra (IceCv)
  19 nagas
  3 acid dragons
  14 water moccasins
  A water moccasin (shapeshifter) (D:13)
  3 hell hounds (D:13)
  A sky beast (D:7)
  26 orc warriors
  6 ice beasts (D:8)
  10 ogres
  12 wolves
  7 centaurs
  3 lemures (D:7)
  A phantom (D:5)
  5 kobold brigands
  2 scorpions
  15 bullfrogs
  3 cane toad simulacra (IceCv)
  3 two-headed ogre simulacra (IceCv)
  A gnoll sergeant (D:9)
  10 wights
  18 killer bees
  4 elephant simulacra (IceCv)
  4 electric eels
  A howler monkey (D:8)
  4 jellies
  2 hounds (D:5)
  2 gnoll boudas (D:5)
  11 orc priests
  3 iguanas
  18 orc wizards
  6 troll simulacra (IceCv)
  7 spriggan simulacra (IceCv)
  4 wolf simulacra (IceCv)
  12 gnolls
  3 naga simulacra (IceCv)
  6 adders
  18 white imps
  5 ufetubi
  4 worms
  A dart slug (D:4)
  52 orcs
  10 endoplasms
  4 giant cockroaches
  7 goblins
  6 hobgoblins
  4 jackals (D:1)
  4 quokkas
  6 ball pythons
  4 bats
  3 frilled lizards
  22 kobolds
  7 rats
767 creatures vanquished.

Vanquished Creatures (others)
  A naga mage (Snake:2)
  An orc (Orc:1)
  5 bushes
  44 fungi
  90 plants
141 creatures vanquished.

Grand Total: 908 creatures vanquished

Notes
Turn   | Place    | Note
-------+----------+-------------------------------------------
     0 | D:1      | hikkokomori the Minotaur Gladiator began the quest for the
                  | Orb.
     0 | D:1      | Reached XP level 1. HP: 18/18 MP: 0/0
   194 | D:1      | Reached XP level 2. HP: 21/25 MP: 1/1
   405 | D:1      | Reached skill level 3 in Fighting
  1049 | D:2      | Reached skill level 1 in Shields
  1049 | D:2      | Reached XP level 3. HP: 29/31 MP: 2/2
  1622 | D:2      | Reached XP level 4. HP: 25/39 MP: 3/3
  2143 | D:3      | Found a bloodstained altar of Trog.
  2297 | D:3      | Reached skill level 4 in Fighting
  2621 | D:3      | Found Laiwo's Distillery.
  2626 | D:3      | Bought a potion of curing for 33 gold pieces
  2626 | D:3      | Bought a potion of heal wounds for 55 gold pieces
  2959 | D:3      | Found Bikaero's Weapon Shoppe.
  3252 | D:4      | Found a transporter.
  3255 | D:4      | Noticed a fire bat
  3256 | D:4      | Noticed a fire bat
  3283 | D:4      | Found a transporter.
  3557 | D:4      | Reached skill level 5 in Long Blades
  3557 | D:4      | Reached XP level 5. HP: 42/46 MP: 4/4
  4051 | D:5      | Entered Level 5 of the Dungeon
  4096 | D:5      | Found a radiant altar of Vehumet.
  4142 | D:5      | Noticed a phantom
  4152 | D:5      | Killed a phantom
  4153 | D:5      | Reached XP level 6. HP: 51/55 MP: 5/5
  4165 | D:5      | Reached skill level 5 in Fighting
  4829 | D:5      | Reached XP level 7. HP: 49/61 MP: 6/6
  4974 | D:5      | Reached skill level 6 in Fighting
  4974 | D:5      | Reached skill level 5 in Shields
  5773 | D:5      | Reached XP level 8. HP: 59/71 MP: 7/7
  5783 | D:5      | Reached skill level 7 in Fighting
  6349 | D:6      | Found a staircase to the Ecumenical Temple.
  6355 | Temple   | Entered the Ecumenical Temple
  6659 | Temple   | Became a worshipper of Warmaster Okawaru
  6879 | D:7      | Identified 2 scrolls of acquirement
  6879 | D:7      | Acquired the +0 pair of boots of Gehenna {rPois Dex+6
                  | Stlth-}
  6881 | D:7      | Acquired a +0 double sword of electrocution
  7024 | D:7      | Found a shimmering altar of Xom.
  7093 | D:7      | Reached skill level 8 in Fighting
  7093 | D:7      | Reached skill level 1 in Invocations
  7211 | D:7      | Found a corrupted altar of Lugonu.
  7293 | D:7      | Found a transporter.
  7295 | D:7      | Noticed a red ugly thing
  7295 | D:7      | Noticed an unseen horror
  7295 | D:7      | Noticed a red ugly thing
  7296 | D:7      | Found a transporter.
  7297 | D:7      | Noticed a green ugly thing
  7369 | D:7      | Noticed Pikel
  7386 | D:7      | Killed Pikel
  7386 | D:7      | Reached * piety under Okawaru
  7387 | D:7      | Reached XP level 9. HP: 66/82 MP: 9/9
  7434 | D:7      | Found Musmiag's Magic Scroll Emporium.
  7441 | D:7      | Bought a scroll of teleportation for 36 gold pieces
  7441 | D:7      | Bought a scroll of enchant weapon for 90 gold pieces
  7441 | D:7      | Bought a scroll of enchant weapon for 90 gold pieces
  7644 | D:7      | Reached skill level 5 in Dodging
  7779 | D:7      | Found a hazy altar of Hepliaklqana.
  7909 | D:8      | Upgraded the game from 0.30-a0-728-gc68057be0a to
                  | 0.30-a0-737-gf23d94013f
  7942 | D:8      | Reached skill level 9 in Fighting
  7986 | D:8      | Noticed a two-headed ogre
  7993 | D:8      | Killed a two-headed ogre
  7993 | D:8      | Reached ** piety under Okawaru
  7993 | D:8      | Noticed a rime drake
  8000 | D:8      | Killed a rime drake
  8001 | D:8      | Reached skill level 10 in Long Blades
  8029 | D:8      | Reached XP level 10. HP: 68/93 MP: 11/11
  8101 | D:8      | Noticed Maurice
  8110 | D:8      | Killed Maurice
  8110 | D:8      | Reached *** piety under Okawaru
  8112 | D:8      | Found a white marble altar of Elyvilon.
  8112 | D:8      | Found a shadowy altar of Dithmenos.
  8124 | D:8      | Reached skill level 10 in Fighting
  8318 | D:8      | Found a snail-covered altar of Cheibriados.
  8318 | D:8      | Found a basalt altar of Yredelemnul.
  8388 | D:8      | Found a blossoming altar of Fedhas.
  8388 | D:8      | Found an ancient bone altar of Kikubaaqudgha.
  8876 | D:8      | Reached **** piety under Okawaru
  9056 | D:8      | Found a staircase to the Lair.
  9239 | D:8      | Found Nellidgh's General Store.
  9242 | D:8      | Found Lubbaeqi's Specific Store.
  9482 | D:9      | Noticed an orange demon
  9497 | D:9      | Killed an orange demon
  9553 | D:9      | Noticed Amaemon
  9565 | D:9      | Killed Amaemon
 10147 | D:9      | Noticed Erolcha
 10210 | D:10     | Entered Level 10 of the Dungeon
 10315 | D:10     | Reached XP level 11. HP: 101/101 MP: 13/13
 10319 | D:10     | Reached ***** piety under Okawaru
 10385 | D:10     | You fall into a shaft and drop 2 floors!
 10575 | D:12     | Reached skill level 5 in Invocations
 10925 | D:11     | Identified the +1 chain mail of Dim Light {Will- Int+3
                  | Slay+2} (Okawaru gifted it to you on level 11 of the
                  | Dungeon)
 10925 | D:11     | Received a gift from Okawaru
 10979 | D:10     | Reached skill level 1 in Armour
 10979 | D:10     | Reached skill level 1 in Evocations
 11439 | D:10     | Found a staircase to the Orcish Mines.
 11675 | Lair:1   | Entered Level 1 of the Lair of Beasts
 11675 | Lair:1   | Noticed Sonja
 11678 | Lair:1   | Killed Sonja
 11828 | Lair:1   | Noticed Erica
 11842 | Lair:1   | Killed Erica
 12148 | Lair:1   | Reached skill level 11 in Fighting
 12766 | Lair:2   | Noticed Fannar
 12800 | Lair:2   | Killed Fannar
 12837 | Lair:2   | Reached XP level 12. HP: 85/110 MP: 16/16
 12916 | Lair:2   | Reached skill level 5 in Armour
 12924 | Lair:2   | Acquired the amulet of Irritheng {Reflect Slay+2 SH+5}
 13621 | Lair:3   | Received a gift from Okawaru
 13692 | Lair:3   | Found a frozen archway.
 13733 | IceCv    | Entered an ice cave
 14327 | IceCv    | Reached skill level 5 in Evocations
 14857 | IceCv    | Reached skill level 12 in Fighting
 15605 | Lair:3   | Reached skill level 1 in Ranged Weapons
 15702 | Lair:3   | Found a staircase to the Shoals.
 15944 | Lair:3   | Found a staircase to the Snake Pit.
 16284 | Lair:4   | Reached XP level 13. HP: 77/118 MP: 17/17
 16320 | Lair:4   | Reached skill level 10 in Dodging
 16634 | Lair:4   | Received a gift from Okawaru
 17013 | Lair:4   | Identified the +10 chain mail of Ezaomo {*Slow rElec Regen+
                  | Int+3 SInv}
 17381 | Lair:5   | Entered Level 5 of the Lair of Beasts
 17435 | Lair:5   | Received a gift from Okawaru
 17435 | Lair:5   | Found the +3 pair of seven-league boots {Rampage+∞}
 17684 | Lair:5   | Reached skill level 5 in Ranged Weapons
 17759 | Lair:5   | Got the Incunabulum of the Impact
 18146 | Lair:5   | Found a viscous altar of Jiyva.
 18426 | Lair:5   | Found a staircase to the Slime Pits.
 18935 | Orc:1    | Entered Level 1 of the Orcish Mines
 19027 | Orc:1    | Found a runed translucent door.
 19030 | Orc:1    | Noticed a balrug
 19043 | Orc:1    | Killed a balrug
 19043 | Orc:1    | Identified the +1 triple sword of Bloodstone {pain, rF+ rC+
                  | Str+4} (Okawaru gifted it to you on level 1 of the Orcish
                  | Mines)
 19043 | Orc:1    | Received a gift from Okawaru
 19044 | Orc:1    | Reached XP level 14. HP: 112/126 MP: 16/18
 19167 | Orc:2    | Entered Level 2 of the Orcish Mines
 19208 | Orc:2    | Reached skill level 10 in Armour
 19527 | Orc:2    | Found Qekim's General Store.
 19527 | Orc:2    | Noticed an orc warlord
 19556 | Orc:2    | Killed an orc warlord
 19665 | Orc:2    | Found Fas Bui's Antique Armour Boutique.
 19745 | Orc:2    | Found Onlo's Book Boutique.
 19848 | Orc:2    | Found Pyed's Antique Weapon Shoppe.
 19870 | Orc:2    | Found a staircase to the Elven Halls.
 19884 | Orc:2    | Found a flickering gateway to a bazaar.
 19907 | Bazaar   | Entered a bazaar
 19907 | Bazaar   | Found Gepn's Armour Emporium.
 19982 | Bazaar   | Found Laratofu's Magic Scroll Shop.
 19990 | Bazaar   | Found Feexzuwk's Antique Armour Emporium.
 20001 | Bazaar   | Found Budeaw's Jewellery Emporium.
 20039 | Bazaar   | Bought a scroll of blinking for 97 gold pieces
 20052 | Bazaar   | Bought the +0 pair of boots of Absence {Fly rElec Will+++
                  | Dex-3} for 719 gold pieces
 20084 | Bazaar   | Bought an embroidered cloak for 150 gold pieces
 20084 | Bazaar   | Bought a polished scale mail for 180 gold pieces
 20084 | Bazaar   | Identified the +6 scale mail of Qilitug {+Blink +Inv rF+
                  | Dex-4} (You bought it in a shop in a bazaar)
 20988 | D:12     | Reached skill level 10 in Shields
 20996 | D:12     | Received a gift from Okawaru
 21029 | D:12     | Noticed Josephine
 21871 | D:9      | Noticed Psyche
 21877 | D:9      | Killed Psyche
 22070 | D:9      | Killed Erolcha
 22513 | D:12     | Killed Josephine
 23082 | D:13     | Received a gift from Okawaru
 23104 | D:13     | Reached skill level 13 in Fighting
 23276 | D:13     | Noticed Azrael
 23299 | D:13     | Reached XP level 15. HP: 86/135 MP: 13/19
 23303 | D:13     | Killed Azrael
 23332 | D:13     | Received a gift from Okawaru
 23417 | D:13     | Found a gate to the Vaults.
 24249 | D:13     | Received a gift from Okawaru
 24996 | D:14     | Reached skill level 14 in Fighting
 25017 | D:14     | Reached skill level 10 in Evocations
 25538 | D:14     | Noticed Frances
 25548 | D:14     | Killed Frances
 25897 | D:15     | Entered Level 15 of the Dungeon
 26262 | D:15     | Identified the +1 robe "Kumemew" {Rampage Int+5 Slay+2
                  | Stlth+} (Okawaru gifted it to you on level 15 of the
                  | Dungeon)
 26262 | D:15     | Received a gift from Okawaru
 26850 | D:15     | Found a staircase to the Depths.
 27432 | Snake:1  | Entered Level 1 of the Snake Pit
 27675 | Snake:1  | Reached XP level 16. HP: 144/147 MP: 20/20
 27952 | Snake:1  | Reached skill level 15 in Fighting
 28367 | Snake:1  | Reached ****** piety under Okawaru
 28859 | Snake:2  | Found Ynu Reige's Weapon Shop.
 28861 | Snake:2  | Found Tamuo's Magic Scroll Boutique.
 28861 | Snake:2  | Found Faogesk's Weapon Shop.
 28864 | Snake:2  | Found Wij Poor's Distillery.
 28881 | Snake:2  | Received a gift from Okawaru
 28990 | Snake:2  | Received a gift from Okawaru
 29753 | Snake:2  | Found Kixux's Overcharged Wands.
 29827 | Snake:2  | Noticed Aizul
 29837 | Snake:2  | Killed Aizul
 30102 | Snake:2  | Slain by a nagaraja

Illustrated notes

Levels and vault maps discovered:
D:1:      shiori_arrival_elements, layout_basic, due_unseen_surprise
D:2:      minmay_diamond_boxcup, layout_rooms, serial_bayou,
          serial_bayou_ford_a, serial_bayou_pond_b, serial_bayou_shore_a,
          serial_bayou_pond_e
D:3:      kb_forest_paths, layout_basic, general_overflow_altar, serial_shops,
          shop, shop_fountains
D:4:      gammafunk_cloud_chamber, layout_gridville
D:5:      layout_loops_corners, mainiacjoe_overflow_boulevard
D:6:      layout_rooms, temple_green
D:7:      gammafunk_corrupted_shrine, layout_loops_corners,
          worldfamousw_hep_ancestral_shrine, mainiacjoe_overflow_alcove_4,
          serial_shops, nicolae_shop_advertising_works
          [nicolae_subvault_shop_adworks], uniq_pikel
D:8:      layout_layer_cave, grunt_temple_overflow_open,
          grunt_temple_overflow_growth_and_decay, hellmonk_lair_entry_icy,
          serial_bayou_pond_b, chequers_serial_rivers_small_a,
          nicolae_specific_store, uniq_maurice
D:9:      layout_basic, uniq_amaemon, uniq_psyche, uniq_erolcha
D:10:     layout_roguey, orc_0_dummy
D:11:     layout_long_grid
D:12:     layout_basic, dreamdust_princess_bridge, uniq_josephine
D:13:     minmay_slanted_spiral_squares, layout_basic, erik_vaults_2,
          gauntlet_entry_generic, uniq_azrael
D:14:     minmay_bloctagon_deflated, layout_gridville,
          chequers_serial_rivers_marsh, minmay_misc_feat_tiny, uniq_frances
D:15:     grunt_enter_depths_snipers, layout_rooms, nrook_mini_vaults
Temple:   hc_temple_tempest_star
Lair:1:   layout_cave_pods, grunt_megastairs_5, uniq_sonja, uniq_erica
Lair:2:   layout_cave_shapes, lemuel_fruit_tree, uniq_fannar
Lair:3:   layout_cave_pods, elwin_shoals_entry_stream,
          minmay_snake_entry_guardpost_small, portal_ice_cave_entry_imps
Lair:4:   layout_regular_city, serial_bayou_pond_b
Lair:5:   minmay_lair_end_frog_pond, layout_regular_city,
          nicolae_slime_entry_field_trip, lemuel_old_faithful
Snake:1:  nicolae_snake_nest, layout_basic
Snake:2:  nicolae_cobra_stairs, layout_chambers, nicolae_shop_overcharged_wands,
          minmay_shoptagon, uniq_aizul
Orc:1:    dreamdust_dug_too_deep, layout_caves
Orc:2:    grunt_orc_gardens, layout_diamond_mine, grunt_orc_garden,
          grunt_orc_garden, grunt_orc_garden, grunt_orc_garden, serial_shops,
          bzr_entry_water, basic_altar

Skill      XL: |  1  2  3  4  5  6  7  8  9 10 11 12 13 14 15 16 |
---------------+-------------------------------------------------+-----
Long Blades    | 4 5 6 7 8 10 11 12 | 12.3
Fighting       | 3 4 5 6 8 9 10 11 12 13 14 15 | 15.6
Shields        | 1 2 3 4 6 7 9 11 13 14 | 14.1
Dodging        | 4 6 7 8 9 11 12 14 | 14.9
Invocations    | 2 4 6 7 |  7.9
Stealth        | 2 4 |  4.1
Throwing       | 3 4 |  4.5
Armour         | 4 7 9 10 | 10.6
Evocations     | 3 5 7 9 10 11 | 11.4
Ranged Weapons | 2 6 |  6.9

Action                     |  1- 3 |  4- 6 |  7- 9 | 10-12 | 13-15 | 16-18 || total
---------------------------+-------+-------+-------+-------+-------+-------++-------
  Melee: Long sword        |    96 |   136 |   132 |       |       |       ||   364
         Headbutt          |    12 |    31 |    43 |   104 |   267 |    80 ||   537
         Double sword      |       |       |    70 |   485 |  1065 |   270 ||  1890
         Demon blade       |       |       |       |       |     3 |       ||     3
   Fire: Sling             |       |       |       |       |     2 |       ||     2
  Throw: Javelin           |     1 |       |       |     2 |       |       ||     3
         Dart              |       |       |       |     4 |       |       ||     4
 Invoke: Heroism           |       |       |     1 |     4 |    21 |     1 ||    27
         Finesse           |       |       |       |       |     3 |       ||     3
  Evoke: Wand              |       |     1 |     1 |     6 |     5 |       ||    13
         Condenser vane    |       |       |       |       |       |     1 ||     1
    Use: Potion            |       |     1 |       |     3 |     2 |     4 ||    10
         Scroll            |       |       |    12 |    14 |    11 |     3 ||    40
   Stab: Paralysed         |       |     5 |     4 |       |     2 |       ||    11
         Distracted        |       |       |       |     5 |       |       ||     5
         Sleeping          |       |       |       |     3 |     1 |     1 ||     5
 Armour: Leather armour    |     6 |       |       |       |       |       ||     6
         Plate armour      |    33 |    42 |       |       |       |       ||    75
         Chain mail        |       |    16 |    51 |    20 |       |       ||    87
         Steam dragon scal |       |       |       |    14 |       |       ||    14
         Robe              |       |       |       |    14 |       |       ||    14
         Ice dragon scales |       |       |       |    10 |    68 |       ||    78
         Scale mail        |       |       |       |       |   170 |    69 ||   239
  Dodge: Dodged            |    39 |    24 |    90 |   332 |   658 |   152 ||  1295
  Block: Buckler           |     8 |    38 |    55 |   205 |   388 |       ||   694
         Reflection        |       |       |       |     1 |    56 |    35 ||    92
         Kite shield       |       |       |       |       |   456 |   374 ||   830

Table legend: (Time is in decaauts)
 A = Elapsed time spent in this place.
 B = Non-inter-level travel time spent in this place.
 C = Inter-level travel time spent in this place.
 D = Time resting spent in this place.
 E = Time spent auto-exploring this place.
 F = Levels seen in this place.
 G = Mean time per level.
                   A        B        C        D        E       F      G
               +--------+--------+--------+--------+--------+-----+--------+
         Total |  30035 |  28349 |   1686 |   1779 |  20694 |  27 | 1112.4 |
       Dungeon |  17870 |  16766 |   1104 |    904 |  12810 |  15 | 1191.3 |
        Temple |    331 |    278 |     53 |      0 |    267 |   1 |  331.0 |
          Lair |   5687 |   5335 |    352 |    111 |   4189 |   5 | 1137.4 |
     Snake Pit |   2657 |   2629 |     28 |    228 |   1901 |   2 | 1328.5 |
  Orcish Mines |   1664 |   1517 |    147 |    251 |    721 |   2 |  832.0 |
        Bazaar |    263 |    263 |      0 |      0 |    103 |   1 |  263.0 |
      Ice Cave |   1560 |   1560 |      0 |    284 |    703 |   1 | 1560.0 |
               +--------+--------+--------+--------+--------+-----+--------+

Top non-repeatable levels by time:
     D:5: 1928 daAuts
     D:8: 1677 daAuts
    D:13: 1644 daAuts
   IceCv: 1560 daAuts
 Snake:2: 1546 daAuts
    D:14: 1524 daAuts
     D:9: 1448 daAuts
  Lair:5: 1385 daAuts
     D:3: 1194 daAuts
  Lair:1: 1186 daAuts
  Lair:4: 1173 daAuts
 Snake:1: 1111 daAuts
  Lair:3: 1068 daAuts
    D:11: 1061 daAuts
     D:7: 1042 daAuts
